 Seeded DCSS version 0.25-a0-609-g7ee555d (webtiles) character file.

Game seed: 5401609482515749458, levelgen mode: deterministic

1957 Illumine the Cleaver (level 8, 46/73 HPs)
             Began as a Pale Draconian Chaos Knight on Mar 9, 2020.
             Was a Plaything of Xom.
             Quit the game on level 6 of the Dungeon on Mar 16, 2020.
             The game lasted 00:15:31 (5914 turns).

Illumine the Cleaver (Pale Draconian Chaos Knight)  Turns: 5914, Time: 00:15:32

Health: 46/73      AC:  8    Str: 16    XL:     8   Next: 99%
Magic:  8/8        EV:  9    Int: 12    God:    Xom [.*....]
Gold:   249        SH: 13    Dex: 12    Spells: 7/7 levels left

rFire    . . .     SeeInvis .   a - +0 hand axe (chaos)
rCold    . . .     Gourm    .   n - +0 tower shield
rNeg     . . .     Faith    .   (armour unavailable)
rPois    +         Spirit   .   (helmet restricted)
rElec    .         Reflect  .   e - +0 cloak
rCorr    .         Harm     .   s - +0 pair of gloves
MR       .....                  (no boots)
Stlth    +.........             (no amulet)
HPRegen  0.22/turn              (no ring)
MPRegen  0.11/turn              k - ring of poison resistance

@: no status effects
A: breathe steam, unfitting armour, cold-blooded, AC +6
a: Breathe Steam, Renounce Religion


You were on level 6 of the Dungeon.
You worshipped Xom.
You were a plaything of Xom.
You were not hungry.

You visited 1 branch of the dungeon, and saw 6 of its levels.

You collected 249 gold pieces.

Inventory:

Hand Weapons
 a - a +0 hand axe of chaos (weapon)
 b - a +0 hand crossbow
Missiles
 c - 49 bolts
 t - 8 curare-tipped darts (quivered)
Armour
 e - a +0 cloak (worn)
 n - a +0 tower shield (worn)
 s - a +0 pair of gloves (worn)
Jewellery
 k - a ring of poison resistance (right hand)
Wands
 v - a wand of enslavement (11)
Scrolls
 g - a scroll of random uselessness {unknown}
 j - a scroll of remove curse
 l - a scroll of blinking {unknown}
 m - a scroll of teleportation
 o - a scroll of identify
 r - a scroll of fog {unknown}
 w - a scroll of magic mapping {unknown}
Potions
 d - 4 potions of curing
 h - a potion of might
 i - a potion of heal wounds
 p - a potion of mutation
 q - a potion of stabbing
 u - a potion of flight
Comestibles
 f - 10 rations
 x - a chunk of flesh


   Skills:
 + Level 7.6 Fighting
 + Level 8.4 Axes
 - Level 1.0 Crossbows
 + Level 4.4 Dodging
 - Level 0.1 Stealth
 + Level 3.6 Shields


You had 7 spell levels left.
You didn't know any spells.
Your spell library contained the following spells:

 Spells                   Type           Power        Failure   Level  Hunger
 Animate Skeleton         Necr           N/A          99%         1    ##.....
 Pain                     Necr           #...         99%         1    ##.....
 Vampiric Draining        Necr           #.........   100%        3    ####...
 Animate Dead             Necr           N/A          100%        4    #####..
 Agony                    Necr           #.......     100%        5    ######.


Dungeon Overview and Level Annotations

Branches:
Dungeon (6/15)
 Temple: D:4-7

Altars:
Cheibriados
Dithmenos
Okawaru
Qazlal
Uskayaw
Xom
Yredelemnul
The Shining One

Annotations:
D:1 1 runed translucent door
D:3 Robin, Sigmund


Innate Abilities, Weirdness & Mutations

You can breathe blasts of scalding, opaque steam.
Your pale cyan-grey scales are hard. (AC +6)
You cannot fit into any form of body armour.
You are cold-blooded and may be slowed by cold attacks.


Message History

c - 48 bolts (gained 1)
You see here an ogre corpse.
A worker ant comes into view.
You see here a bolt.
c - 49 bolts (gained 1)
The worker ant twitches its antennae in your direction.
You slash the worker ant! You burn the worker ant.
You tail-slap the worker ant.
You kill the worker ant!
Xom's attention turns to you for a moment.
You are blasted with fire.
Found a stone staircase leading up.
You now have 241 gold pieces (gained 13).
You now have 249 gold pieces (gained 8).
Found a stone staircase leading down.
Save game and exit?
Welcome back, Illumine the Pale Draconian Chaos Knight.
Xom titters.
Press ? for a list of commands and other information.
Are you sure you want to abandon this character and quit the game? (Confirm with "yes".)

## .# #># .# ##..### .#
......## ## #......###
## ##.#......## .###
#..#.......#.. ...#
#### ##............
...# #..###...##@#....
...###...#....#..#..##.
...÷...................
.......................
..(................#...
...##..†....##.....##..
.)..........##.........
..........#.#.......#.
.......#...............


There were no monsters in sight!

Vanquished Creatures
  Edmund (D:4)
  A necrophage (D:6)
  4 ogres
  A phantom (D:4)
  Blork the orc (D:4)
  A bullfrog (D:6)
  A scorpion (D:4)
  4 wights (D:3)
  A howler monkey (D:5)
  4 crimson imps
  2 bullfrog skeletons
  3 hounds
  4 orc priests (D:4)
  3 orc wizards (D:4)
  2 iguanas
  2 worker ants
  A hound skeleton (D:4)
  2 gnolls (D:5)
  5 adders
  2 oozes
  3 adder skeletons
  An adder zombie (D:5)
  3 dart slugs
  4 leopard geckos
  17 orcs
  2 ball pythons (D:3)
  4 giant cockroaches
  A goblin (D:1)
  4 hobgoblins
  11 jackals
  2 quokkas
  12 bats
  5 frilled lizards
  A giant cockroach zombie (D:5)
  9 kobolds
  12 rats
136 creatures vanquished.

Vanquished Creatures (collateral kills)
  Grinder (D:3)
  An ooze (D:6)
2 creatures vanquished.

Grand Total: 138 creatures vanquished

Notes
Turn   | Place    | Note
-------+----------+-------------------------------------------
     0 | D:1      | Illumine the Draconian Chaos Knight began the quest for the
                  | Orb.
     0 | D:1      | Reached XP level 1. HP: 19/19 MP: 1/1
     1 | D:1      | Found a runed translucent door.
   169 | D:1      | Reached XP level 2. HP: 26/26 MP: 2/2
   260 | D:1      | XOM: divination: detect items
   507 | D:1      | XOM: noise
   607 | D:2      | Found an iron altar of Okawaru.
   617 | D:1      | Reached XP level 3. HP: 29/33 MP: 3/3
  1027 | D:2      | XOM: harmless Tloc miscast
  1071 | D:2      | Reached skill level 4 in Axes
  1098 | D:2      | XOM: smoke on damage
  1119 | D:2      | Reached XP level 4. HP: 31/40 MP: 4/4
  1123 | D:2      | XOM: noise
  1249 | D:2      | XOM: harmless Ice miscast
  1425 | D:3      | Noticed Sigmund
  1461 | D:3      | Noticed Robin
  1501 | D:4      | Found a basalt altar of Yredelemnul.
  1518 | D:4      | Reached XP level 5. HP: 41/47 MP: 5/5
  1543 | D:4      | Reached skill level 5 in Axes
  1603 | D:4      | XOM: divination: magic mapping
  1824 | D:3      | Noticed Grinder
  1830 | D:3      | XOM: summons 3 friendly demons
  1834 | D:3      | Paralysed by Grinder for 5 turns
  1844 | D:3      | Killed Grinder
  1844 | D:3      | Reached skill level 5 in Fighting
  1844 | D:3      | Reached XP level 6. HP: 36/56 MP: 6/6
  1857 | D:3      | XOM: cloud trail
  2099 | D:4      | Noticed Blork the orc
  2112 | D:3      | Reached skill level 6 in Axes
  2127 | D:3      | XOM: silly message
  2344 | D:3      | XOM: 1-stop teleportation journey
  2689 | D:3      | XOM: cloud trail
  2712 | D:3      | Your scales start taking on a pale cyan-grey colour.
  2712 | D:3      | Reached XP level 7. HP: 58/62 MP: 7/7
  3013 | D:4      | Found a shadowy altar of Dithmenos.
  3013 | D:4      | XOM: 6-stop teleportation journey
  3201 | D:4      | Reached skill level 7 in Axes
  3229 | D:4      | Upgraded the game from 0.25-a0-589-g1e14c54 to
                  | 0.25-a0-608-ge46d086
  3234 | D:4      | Killed Blork the orc
  3517 | D:4      | Found a glowing golden altar of the Shining One.
  3535 | D:4      | Noticed Edmund
  3546 | D:4      | Killed Edmund
  3546 | D:4      | Reached skill level 1 in Crossbows
  3581 | D:4      | XOM: medium Ice miscast
  3637 | D:4      | XOM: divination: detect creatures
  3677 | D:4      | Found a shimmering altar of Xom.
  3739 | D:4      | XOM: harmless Ice miscast
  3784 | D:4      | XOM: divination: detect items
  3788 | D:4      | XOM: potion effect (invisibility)
  3801 | D:4      | Reached skill level 1 in Shields
  3801 | D:4      | Reached XP level 8. HP: 43/71 MP: 8/8
  4177 | D:5      | Entered Level 5 of the Dungeon
  4573 | D:4      | XOM: god gift: cloak {god gift}
  4646 | D:4      | XOM: divination: magic mapping
  4664 | D:5      | XOM: god gift: potion of curing
  4701 | D:5      | XOM: god gift: bubbling grey potion {god gift}
  4864 | D:5      | XOM: smoke on damage
  4887 | D:5      | Reached skill level 8 in Axes
  4910 | D:5      | HP: 1/73 [ogre/+0 giant club (5)]
  5153 | D:5      | XOM: cloud trail
  5317 | D:5      | Noticed a +3 hand axe
  5318 | D:5      | Noticed a +0 hand axe
  5339 | D:5      | Found a hide-covered altar of Uskayaw.
  5356 | D:5      | Found a stormy altar of Qazlal.
  5528 | D:5      | XOM: medium Pois miscast
  5591 | D:6      | Found a snail-covered altar of Cheibriados.
  5592 | D:6      | Found a hide-covered altar of Uskayaw.
  5902 | D:6      | XOM: medium Fire miscast
  5914 | D:6      | Upgraded the game from 0.25-a0-608-ge46d086 to
                  | 0.25-a0-609-g7ee555d
  5914 | D:6      | Quit the game

Levels and vault maps discovered:
D:1:      dpeg_arrival_caged_fury, layout_loops_ring
D:2:      layout_rooms, kennysheep_okawaru_gauntlet, serial_forest,
          infiniplex_forest_join, infiniplex_forest_end_2,
          infiniplex_forest_end_3, infiniplex_forest_lined_3_way,
          infiniplex_forest_clump_small, infiniplex_forest_pool, first_ration,
          minmay_misc_feat_alley, grunt_ministairs_14, minmay_hedge_maze
D:3:      layout_loops_corners, nicolae_overflow_crystal_walls,
          hangedman_ru_absence, gammafunk_ghost_cemetery, uniq_sigmund,
          uniq_robin, uniq_grinder, uniq_natasha, uniq_ijyb
D:4:      layout_loops_ring, tso_oasis_becter, yredelemnul_altar_generic,
          lemuel_round_altar, grunt_dithmenos_smoke_and_mirrors,
          uniq_blork_the_orc, uniq_edmund
D:5:      layout_rooms, dancing_weapons_uskayaw, basic_altar, minmay_bent
D:6:      layout_cave_pools, kennysheep_vampire_church, cheibriados_altar_1,
          minmay_temple_entry_grid, basic_altar

Skill      XL: |  1  2  3  4  5  6  7  8 |
---------------+-------------------------+-----
Fighting       | 4 5 6 7 |  7.6
Axes           | 4 5 6 7 8 |  8.4
Crossbows      | 1 |  1.0
Dodging        | 3 4 |  4.4
Shields        | 1 3 |  3.6
Stealth        | |  0.1

Action                   |  1- 3 |  4- 6 |  7- 9 || total
-------------------------+-------+-------+-------++-------
Melee: Hand axe          |   117 |    98 |   276 ||   491
       Tailslap          |    11 |    12 |    37 ||    60
 Fire: Hand crossbow     |       |    13 |    12 ||    25
Throw: Stone             |     2 |     1 |       ||     3
 Abil: Breathe Steam     |       |       |     3 ||     3
  Use: Scroll            |       |     3 |     6 ||     9
 Stab: Sleeping          |     2 |       |     1 ||     3
       Paralysed         |     3 |       |     5 ||     8
       Invisible         |       |       |     1 ||     1
       Confused          |       |       |     2 ||     2
  Eat: Chunk             |     1 |     4 |     8 ||    13
       Ration            |       |     1 |       ||     1
Armor: Skin              |    55 |    46 |    55 ||   156
Dodge: Dodged            |    88 |    88 |    89 ||   265
Block: Tower shield      |       |       |   105 ||   105

Table legend:
 A = Non-vault XP
 B = Vault XP
 C = Vault XP percentage of total XP
 D = Non-vault monster count
 E = Vault monster count
 F = Vault count percentage of total count
                 A         B        C        D         E       F
            +---------+---------+-------+---------+---------+-------
      Total |    2217 |     579 |  20.7 |     128 |      10 |   7.2
            +---------+---------+-------+---------+---------+-------
        D:1 |      42 |       0 |   0.0 |      21 |       0 |   0.0
        D:2 |      97 |      17 |  14.9 |      28 |       2 |   6.7
        D:3 |     360 |     178 |  33.1 |      20 |       1 |   4.8
        D:4 |     731 |     263 |  26.5 |      29 |       2 |   6.5
        D:5 |     474 |     121 |  20.3 |      18 |       5 |  21.7
        D:6 |     513 |       0 |   0.0 |      12 |       0 |   0.0
            +---------+---------+-------+---------+---------+-------
